 Dungeon Crawl Stone Soup version 0.22.1-1-ga44c0e56f4 (webtiles) character file.

742 Gargoyl the Skirmisher (level 7, 0/60 HPs)
             Began as a Centaur Abyssal Knight on Oct 18, 2018.
             Was a Believer of Lugonu.
             Slain by a wight
             ... wielding a +3 long sword of freezing
              (1 damage)
             ... on level 5 of the Dungeon on Oct 19, 2018.
             The game lasted 00:08:39 (5940 turns).

Gargoyl the Skirmisher (Centaur Abyssal Knight)     Turns: 5940, Time: 00:08:42

Health: 0/60       AC:  6    Str: 15    XL:     7   Next: 47%
Magic:  9/10       EV:  6    Int: 11    God:    Lugonu [**....]
Gold:   289        SH:  6    Dex: 10    Spells: 6/6 levels left

rFire    + . .     SeeInvis .   a - +3 hand axe
rCold    + . .     Gourm    .   d - +3 buckler
rNeg     . . .     Faith    .   f - +0 scale mail
rPois    .         Spirit   .   (no helmet)
rElec    .         Reflect  .   j - scarf {rC+ rF+}
rCorr    .         Harm     .   (no gloves)
MR       .....                  (no barding)
Stlth    ..........             e - amulet of the acrobat
HPRegen  0.20/turn              (no ring)
MPRegen  0.12/turn              (no ring)

@: heavily drained, very quick
A: large, hooves 3, deformed body, speed 2, tough skin 3
a: Depart the Abyss, Bend Space, Renounce Religion


You were on level 5 of the Dungeon.
You worshipped Lugonu.
Lugonu was pleased with you.
You were hungry.

You visited 1 branch of the dungeon, and saw 6 of its levels.
You visited the Abyss 1 time.

You collected 289 gold pieces.

Inventory:

Hand Weapons
 a - a +3 hand axe (weapon)
Missiles
 i - 4 tomahawks (quivered)
Armour
 d - a +3 buckler (worn)
 f - a +0 scale mail (worn)
 j - a scarf of resistance (worn)
Jewellery
 b - an uncursed amulet of the gourmand
 e - an amulet of the acrobat (around neck)
 g - a +4 ring of protection {unknown}
 k - an uncursed amulet of rage
Scrolls
 l - a scroll of remove curse
Comestibles
 c - 3 rations


   Skills:
 + Level 4.5(3.3) Fighting
 + Level 4.5(3.3) Axes
 * Level 3.5(2.3) Armour
 + Level 1.4(0.3) Dodging
 + Level 0.6(0.0) Shields
 * Level 4.0(2.8) Invocations


You had 6 spell levels left.
You didn't know any spells.
Your spell library contained the following spells:

 Spells                   Type           Power        Failure   Level  Hunger
 Corona                   Hex            #......      93%         1    ##.....
 Ensorcelled Hibernation  Hex/Ice        #.....       98%         2    ###....
 Confuse                  Hex            #.......     100%        3    ####...
 Dazzling Spray           Conj/Hex       #.....       100%        3    ####...
 Tukima's Dance           Hex            #.......     100%        3    ####...


Dungeon Overview and Level Annotations

Branches:
Dungeon (6/15)
 Temple: D:4-7

Altars:
Cheibriados
Hepliaklqana
Kikubaaqudgha
Nemelex Xobeh
Ru
Vehumet

Annotations:
D:4 Sigmund
D:6 Eustachio


Innate Abilities, Weirdness & Mutations

You have hooves in place of feet.
Armour fits poorly on your strangely shaped body.
You cover ground very quickly.
You have extremely tough skin. (AC +3)


Message History

Lugonu accepts your kill.
You closely miss the hound.
Your shield and scale mail prevent you from hitting the wight.
The centaur wields a shortbow.
The centaur shoots an arrow.
You block the arrow. The hound bites you. You block the wight's attack.
The hound bites you. The leopard gecko bites you.
Unknown command.
You slash the leopard gecko!
You kill the leopard gecko!
Lugonu accepts your kill.
You hit the wight but do no damage.
Your scale mail prevents you from hitting the hound.
The hound bites you.
* * * LOW HITPOINT WARNING * * *
The centaur shoots an arrow.
The arrow hits you!
* * * LOW HITPOINT WARNING * * *
The wight hits you with a long sword of freezing.
* * * LOW HITPOINT WARNING * * *
You feel drained.
You die...

### #.. #.#
#.###########
#>...........
#........####.
#....h.z......
#.....@)c####
########.# .#
#


You could see a centaur, a hound and a wight.

Vanquished Creatures
  A phantom (D:6)
  2 bullfrogs (D:6)
  A scorpion (D:6)
  A wight (D:5)
  Jessica (D:2)
  Natasha (thrice) (D:2 D:4)
  An orc wizard (D:1)
  5 worker ants
  A howler monkey zombie (D:5)
  3 gnolls (D:3)
  6 adders
  2 oozes (D:2)
  3 worms
  4 dart slugs
  4 leopard geckos
  4 orcs
  2 ball pythons
  2 giant cockroaches
  4 hobgoblins
  4 jackals (D:1)
  3 quokkas
  10 bats
  3 frilled lizards
  7 goblins
  9 kobolds
  3 rats
89 creatures vanquished.

Notes
Turn   | Place    | Note
-------+----------+-------------------------------------------
     0 | Abyss:1  | Gargoyl the Centaur Abyssal Knight began the quest for the
                  | Orb.
     0 | Abyss:1  | Reached XP level 1. HP: 19/19 MP: 2/2
     2 | Abyss:1  | Found a corrupted altar of Lugonu.
    41 | Abyss:1  | Noticed a wretched star
    42 | D:1      | Escaped the Abyss
   400 | D:1      | Reached XP level 2. HP: 23/26 MP: 3/3
   509 | D:1      | Reached * piety under Lugonu
  1171 | D:2      | Reached XP level 3. HP: 26/31 MP: 4/4
  1638 | D:1      | Reached XP level 4. HP: 8/40 MP: 5/5
  2154 | D:2      | Noticed Natasha
  2167 | D:2      | Killed Natasha
  2374 | D:2      | Noticed Jessica
  2386 | D:2      | Killed Jessica
  2386 | D:2      | Reached XP level 5. HP: 46/46 MP: 7/7
  2393 | D:2      | Found a sacrificial altar of Ru.
  2452 | D:2      | Noticed Natasha
  2461 | D:2      | Killed Natasha
  2461 | D:2      | Reached skill level 1 in Dodging
  2863 | D:3      | Reached ** piety under Lugonu
  2896 | D:3      | Found a sparkling altar of Nemelex Xobeh.
  4004 | D:3      | Found a radiant altar of Vehumet.
  4272 | D:4      | Noticed Natasha
  4293 | D:4      | Reached XP level 6. HP: 16/52 MP: 8/8
  4301 | D:4      | Killed Natasha
  4699 | D:4      | Found an ancient bone altar of Kikubaaqudgha.
  4757 | D:4      | Found a hazy altar of Hepliaklqana.
  4779 | D:4      | Noticed Sigmund
  4783 | D:5      | Entered Level 5 of the Dungeon
  5371 | D:6      | Reached XP level 7. HP: 51/59 MP: 9/9
  5799 | D:6      | Found a snail-covered altar of Cheibriados.
  5911 | D:6      | Noticed Eustachio
  5940 | D:5      | HP: 1/60 [wight/long sword of freezing (5)]
  5940 | D:5      | Slain by a wight

Skill      XL: |  1  2  3  4  5  6  7 |
---------------+----------------------+-----
Axes           | 2 3 4 |  4.5
Armour         | 2 3 |  3.5
Dodging        | 1 |  1.4
Invocations    | 3 4 |  4.0
Fighting       | 4 |  4.5
Shields        | |  0.6

Action                   |  1- 3 |  4- 6 |  7- 9 || total
-------------------------+-------+-------+-------++-------
Melee: Hand axe          |    98 |   189 |    39 ||   326
       Kick              |    12 |    32 |     7 ||    51
Invok: Depart the Abyss  |     1 |       |       ||     1
  Use: Potion            |     1 |     4 |       ||     5
       Scroll            |       |     8 |     2 ||    10
  Eat: Chunk             |     1 |    11 |     1 ||    13
Armor: Scale mail        |    46 |    67 |     9 ||   122
       Leather armour    |     4 |       |       ||     4
       Skin              |       |    25 |       ||    25
Dodge: Dodged            |    68 |    73 |    13 ||   154
Block: Buckler           |    29 |    43 |     8 ||    80
